 Dungeon Crawl Stone Soup version 0.24.0-13-gcf9b319 (webtiles) character file.

Game seed: 8110126942772233122, levelgen mode: deterministic

128 CBukowski the Chopper (level 4, 0/41 HPs)
             Began as a Minotaur Berserker on Nov 11, 2019.
             Was a Believer of Trog.
             Slain by an orc wizard
             ... wielding a +3 dagger
              (2 damage)
             ... on level 3 of the Dungeon.
             The game lasted 00:05:48 (1775 turns).

CBukowski the Chopper (Minotaur Berserker)          Turns: 1775, Time: 00:05:49

Health: 0/41       AC:  3    Str: 21 (23) XL:     4   Next: 86%
Magic:  3/3        EV: 12    Int:  1 (4)  God:    Trog [**....]
Gold:   87         SH:  0    Dex:  6 (9)  Spells: 3/3 levels left

rFire    . . .     SeeInvis .   a - +0 hand axe
rCold    . . .     Gourm    .   (no shield)
rNeg     . . .     Faith    .   b - +0 animal skin
rPois    .         Spirit   .   (helmet restricted)
rElec    .         Reflect  .   (no cloak)
rCorr    .         Harm     .   k - +0 pair of gloves
MR       .....                  (no boots)
Stlth    +.........             (no amulet)
HPRegen  0.13/turn              (no ring)
MPRegen  0.08/turn              (no ring)

@: about to teleport
A: retaliatory headbutt, horns 2
a: Berserk, Trog's Hand, Renounce Religion


You were on level 3 of the Dungeon.
You worshipped Trog.
Trog was pleased with you.
You were not hungry.

You visited 1 branch of the dungeon, and saw 3 of its levels.

You collected 87 gold pieces.

Inventory:

Hand Weapons
 a - a +0 hand axe (weapon)
Armour
 b - a +0 animal skin (worn)
 k - a +0 pair of gloves (worn)
Scrolls
 e - a scroll of immolation {unknown}
 f - 2 scrolls of noise {unknown}
 g - 2 scrolls of identify
 h - a scroll of blinking {unknown}
 i - 2 scrolls of amnesia {unknown}
 j - a scroll of teleportation
 l - 3 scrolls of remove curse {unknown}
 n - a scroll of enchant armour {unknown}
Potions
 o - a potion of ambrosia {unknown}
 q - a potion of curing {unknown}
Comestibles
 c - 7 rations


   Skills:
 + Level 4.4 Fighting
 * Level 5.7 Axes
 + Level 2.6 Armour
 + Level 2.9 Dodging
 + Level 0.3 Stealth


You had 3 spell levels left.
You didn't know any spells.
Your spell library was empty.

Dungeon Overview and Level Annotations

Branches:
Dungeon (3/15)

Altars:
Vehumet


Innate Abilities, Weirdness & Mutations

You reflexively headbutt those who attack you in melee.
You have a pair of horns on your head.


Message History

The orc closely misses you. Something barely misses you.
The goblin shoots a sling bullet.
The sling bullet closely misses you.
The sling bullet hits the quokka.
The quokka dies!
You slash the orc!
You kill the orc!
Trog accepts your kill.
You hit something.
The orc priest invokes the aid of Beogh against you.
Beogh smites you!
* * * LOW HITPOINT WARNING * * *
The orc hits you from afar with a +0 trident.
* * * LOW HITPOINT WARNING * * *
You hear some strange, mumbled words.
Something tries to affect you, but you resist.
The goblin shoots a sling bullet.
As you read the scroll labeled ANILUU LYLOFOD, it crumbles to dust.
You feel strangely unstable.
It was a scroll of teleportation.
Something hits you.
You die...

..####. †......# ##
#########. .# #####
#.## ..# ....# #..#
...# ....# ##.##
#####...## ....#
#...###.........
....#
#...8.8..(......
...<#
#..P.8o(@o.or...
.§§.#
####....g####.o.##
....###.....(..# .#
§#...##.##.##.##
.[..[......##..####..
P.......##.##(†......
.#####..##.##).######
.# #........... .#
#.##..###.....


You could see an orc priest, 3 orcs, a quokka and a goblin.

Vanquished Creatures
  A hound zombie (D:3)
  3 worker ant zombies (D:3)
  2 adders
  A dart slug (D:1)
  2 leopard geckos
  2 orcs (D:3)
  7 bats
  2 giant cockroaches
  11 goblins
  5 hobgoblins
  A ball python (D:2)
  2 frilled lizards (D:1)
  7 kobolds
  A quokka skeleton (D:3)
  7 rats
54 creatures vanquished.

Vanquished Creatures (others)
  A quokka (D:3)
1 creature vanquished.

Grand Total: 55 creatures vanquished

Notes
Turn   | Place    | Note
-------+----------+-------------------------------------------
     0 | D:1      | CBukowski the Minotaur Berserker began the quest for the
                  | Orb.
     0 | D:1      | Reached XP level 1. HP: 19/19 MP: 0/0
   262 | D:1      | Reached XP level 2. HP: 22/27 MP: 1/1
   434 | D:1      | Reached skill level 4 in Axes
   894 | D:2      | Reached XP level 3. HP: 29/33 MP: 2/2
  1043 | D:2      | Reached ** piety under Trog
  1391 | D:2      | Found a radiant altar of Vehumet.
  1542 | D:3      | Reached skill level 5 in Axes
  1590 | D:3      | Reached XP level 4. HP: 25/40 MP: 3/3
  1774 | D:3      | HP: 2/41 [orc/+0 trident (2)]
  1775 | D:3      | Slain by an orc wizard

Levels and vault maps discovered:
D:1:      tarquinn_simple_flora_water_c, layout_basic, chequers_garden
D:2:      layout_rooms, fiery_altar_vehumet, first_ration, minmay_tromino_i4
D:3:      layout_loops_cross, kennysheep_slug_shrine, serial_undead,
          serial_undead_d, serial_undead_e, serial_undead_e, serial_undead_b,
          serial_undead_f, serial_undead_c, serial_undead_d, serial_undead_b,
          serial_undead_c, serial_undead_b, serial_park_tiny_1, elyvilon_altar_5

Skill      XL: |  1  2  3 |
---------------+----------+-----
Fighting       | 4 |  4.4
Axes           | 4 5 |  5.7
Armour         | |  2.6
Dodging        | |  2.9
Stealth        | |  0.3

Action                   |  1- 3 |  4- 6 || total
-------------------------+-------+-------++-------
Melee: Hand axe          |    96 |    21 ||   117
       Headbutt          |     9 |     6 ||    15
  Use: Scroll            |       |     2 ||     2
       Potion            |       |     2 ||     2
  Eat: Chunk             |     2 |       ||     2
       Ration            |       |     1 ||     1
Armor: Animal skin       |    10 |     6 ||    16
Dodge: Dodged            |    69 |    19 ||    88
